 Dungeon Crawl Stone Soup version 0.30.1 (webtiles) character file.

Game seed: 2990387007882935863

899 GilGalad the Stinger (level 7, -2/43 (51) HPs)
             Began as a Yellow Draconian Venom Mage on July 7, 2023.
             Was a Believer of Vehumet.
             Slain by a wight
             ... wielding a +3 scimitar
              (8 damage)
             ... on level 7 of the Dungeon.
             The game lasted 00:24:54 (6881 turns).

GilGalad the Stinger (Yellow Draconian Venom Mage)  Turns: 6881, Time: 00:24:54

HP:   -2/43 (51)    AC:  8    Str: 10    XL:     7   Next: 79%
MP:   13/13         EV: 17    Int: 18    God:    Vehumet [**....]
Gold: 261           SH:  0    Dex: 11    Spells: 7/14 levels left

rFire   . . .        w - +2 hand axe (venom)
rCold   . . .        (no shield)
rNeg    . . .        (body armour unavailable)
rPois   .            (helmet restricted)
rElec   .            p - +0 cloak
rCorr   +            (no gloves)
SInv    .            q - +0 pair of boots
Will    .....        h - amulet of magic regeneration
Stlth   ++           m - +5 ring of evasion
HPRegen 0.27/turn    (no ring)
MPRegen 0.53/turn

%: no passive effects
@: heavily drained
A: spit acid, AC +6, unfitting armour, cold-blooded, acid resistance
a: Breathe Acid, Renounce Religion


You were on level 7 of the Dungeon.
You worshipped Vehumet.
Vehumet was pleased with you.
You visited 1 branch of the dungeon, and saw 7 of its levels.

You collected 261 gold pieces.

Inventory:

Hand Weapons
 e - a +0 whip
 r - a +0 whip of electrocution
 u - a +1 long sword of holy wrath
 w - a +2 hand axe of venom (weapon)
Armour
 o - a +0 buckler
 p - a +0 cloak (worn)
 q - a +0 pair of boots (worn)
Magical Staves
 x - a staff of fire
Jewellery
 h - an amulet of magic regeneration (around neck)
 m - a +5 ring of evasion (left hand)
Wands
 v - a wand of mindburst (8)
Scrolls
 b - 2 scrolls of amnesia {unknown}
 d - 10 scrolls of identify {unknown}
 f - a scroll of poison {unknown}
 g - 2 scrolls of silence {unknown}
 j - 4 scrolls of fear {unknown}
 k - 3 scrolls of immolation {unknown}
 l - 3 scrolls of fog {unknown}
 s - 4 scrolls of noise {unknown}
 y - a scroll of vulnerability {unknown}
 z - 3 scrolls of enchant weapon {unknown}
 B - a scroll of teleportation {unknown}
Potions
 a - 3 potions of magic
 c - 2 potions of lignification {unknown}
 i - 7 potions of heal wounds {unknown}
 n - 2 potions of brilliance {unknown}
 t - a potion of ambrosia {unknown}
 A - a potion of flight {unknown}
 C - a potion of resistance {unknown}


   Skills:
 - Level 0.6 Fighting
 - Level 0.9(1.0) Axes
 - Level 0.6(0.9) Maces & Flails
 - Level 2.5 Dodging
 - Level 1.7 Stealth
 - Level 0.5 Unarmed Combat
 - Level 4.4 Spellcasting
 - Level 3.0 Conjurations
 + Level 0.9 Summonings
 - Level 2.0 Transmutations
 - Level 0.2 Fire Magic
 + Level 3.1 Air Magic
 - Level 5.5 Poison Magic


You had 7 spell levels left.
You knew the following spells:

 Your Spells              Type           Power      Damage    Failure   Level
a - Sting                 Tmut/Pois      68%        1d6       3%          1
b - Poisonous Vapours     Pois/Air       38%        N/A       3%          2
c - Mephitic Cloud        Conj/Pois/Air  18%        N/A       9%          3
d - Foxfire               Conj/Fire      40%        2x1d6     7%          1

Your spell library contained the following spells:

 Spells                   Type           Power      Damage    Failure   Level
 Olgreb's Toxic Radiance  Pois           23%        N/A       14%         4
 Gell's Gravitas          Tloc           4%         N/A       38%         3
 Teleport Other           Tloc           4%         N/A       38%         3
 Summon Lightning Spire   Summ/Air       11%        N/A       52%         4
 Dispersal                Tloc           2%         N/A       100%        6
 Storm Form               Tmut/Air       6%         N/A       100%        7
 Maxwell's Capacitive Co  Air            7%         ∞         100%        8


Dungeon Overview and Level Annotations

Branches:
Dungeon (7/15)             Temple (0/1) D:4

Altars:
Elyvilon
Fedhas
Qazlal
Ru
Trog
Vehumet
Yredelemnul

Shops:
D:3 *

Annotations:
D:3 3 runed translucent doors, BananaMan's ghost, amateur DECj


Innate Abilities, Weirdness & Mutations

You can spit globs of acid.
Your golden yellow scales are hard. (AC +6)
You cannot fit into any form of body armour.
You are cold-blooded and may be slowed by cold attacks.
You are resistant to acid. (rCorr)


Message History

Things that are here:
a +2 great sword of freezing; a +0 robe
There is an escape hatch in the ceiling here.
You conjure some foxfire!
You conjure some foxfire!
You conjure some foxfire!
The foxfire hits the wight but does no damage. x3
Your foxfire dissipates!
The foxfire hits the wight but does no damage. x2
You conjure some foxfire!
You conjure some foxfire!
The foxfire hits the wight but does no damage.
You miscast Foxfire.
You are very lightly contaminated with residual magic.
Nothing appears to happen.
The foxfire hits the wight.
The wight is lightly damaged.
The foxfire hits the wight but does no damage.
The wight is lightly damaged.
The foxfire hits the wight but does no damage.
The wight is lightly damaged.
The wight attacks as you move away! The wight hits you with a +5 scimitar.
You feel drained. The wight attacks as you move away!
The wight completely misses you. The wight attacks as you move away!
The wight hits you with a +5 scimitar!
Your magical contamination has completely faded away.
The wight attacks as you move away! The wight hits you with a +5 scimitar!
You feel drained.
A wight comes into view. It is wielding a +3 scimitar.
The wight attacks as you move away! The wight hits you with a +5 scimitar.
You feel drained. The wight attacks as you move away!
The wight barely misses you.
Found 15 gold pieces.
A wight comes into view. It is wielding a +0 dire flail.
The wight hits you with a +3 scimitar!
* * * LOW HITPOINT WARNING * * *
You feel drained.
* * * LOW HITPOINT WARNING * * *
A wight comes into view. It is wielding a +3 falchion.
The wight attacks as you move away! The wight hits you with a +3 scimitar!
You die...

#..##.######
#..##.# #..##.#
##.<##.#
#..)##.#
###.##.# #.##.#
#.##.#
#.####@##.#
.....$..zz.#
##.####........#
#..#.......
#..#.###.##
#.z..# .. ...z.#
# ##...#. #.....


You could see 4 wights.

Vanquished Creatures
  A black bear (D:4)
  2 phantoms
  2 bullfrogs
  A wight (D:7)
  2 hounds
  Natasha (D:2)
  4 orc wizards
  Ijyb (D:4)
  An iguana (D:6)
  7 gnolls
  5 adders
  A white imp (D:7)
  2 worms
  2 dart slugs
  17 orcs
  7 ball pythons
  4 bats
  6 endoplasms
  6 giant cockroaches
  8 goblins
  6 hobgoblins
  9 jackals
  8 kobolds
  2 quokkas
  3 frilled lizards
  2 rats (D:3)
110 creatures vanquished.

Vanquished Creatures (others)
  48 foxfires
48 creatures vanquished.

Grand Total: 158 creatures vanquished

Notes
Turn   | Place    | Note
-------+----------+-------------------------------------------
     0 | D:1      | GilGalad the Draconian Venom Mage began the quest for the
                  | Orb.
     0 | D:1      | Reached XP level 1. HP: 14/14 MP: 3/3
   160 | D:1      | Reached XP level 2. HP: 16/20 MP: 3/5
   637 | D:1      | Found a faded altar of an unknown god.
   733 | D:2      | Learned a level 2 spell: Poisonous Vapours
   741 | D:2      | Reached XP level 3. HP: 26/26 MP: 4/6
   755 | D:2      | Found a radiant altar of Vehumet.
   764 | D:2      | Became a worshipper of Vehumet
   959 | D:2      | Identified the +6 leather armour of Atheism {rC++ Str+3}
  1123 | D:2      | Noticed Natasha
  1559 | D:2      | Learned a level 3 spell: Mephitic Cloud
  1836 | D:2      | Killed Natasha
  1837 | D:2      | Reached XP level 4. HP: 19/33 MP: 7/7
  2397 | D:3      | Reached skill level 4 in Poison Magic
  2462 | D:3      | Reached * piety under Vehumet
  2462 | D:3      | Offered knowledge of Sandblast by Vehumet.
  2590 | D:3      | Found Hidu Roi's Assorted Antiques.
  2618 | D:3      | Found a runed translucent gate.
  2618 | D:3      | Found a runed translucent gate.
  2633 | D:3      | Found a runed translucent gate.
  2793 | D:3      | Reached XP level 5. HP: 38/38 MP: 7/9
  2823 | D:3      | Found a sacrificial altar of Ru.
  2838 | D:3      | Noticed BananaMan's ghost (amateur DECj)
  2908 | D:3      | Found a stormy altar of Qazlal.
  3018 | D:4      | Noticed Ijyb
  3019 | D:4      | Reached skill level 1 in Air Magic
  3105 | D:4      | Noticed a black bear
  3128 | D:4      | Killed a black bear
  3129 | D:4      | Reached skill level 1 in Conjurations
  3247 | D:4      | Found a staircase to the Ecumenical Temple.
  3297 | D:4      | Reached XP level 6. HP: 45/45 MP: 6/11
  3460 | D:5      | Entered Level 5 of the Dungeon
  4287 | D:4      | Reached ** piety under Vehumet
  4287 | D:4      | Offered knowledge of Foxfire by Vehumet.
  4517 | D:4      | Found a radiant altar of Vehumet.
  4517 | D:4      | Found a faded altar of an unknown god.
  4527 | D:4      | Found a basalt altar of Yredelemnul.
  4529 | D:4      | Found a bloodstained altar of Trog.
  4541 | D:4      | Reached skill level 5 in Poison Magic
  4556 | D:4      | Found a blossoming altar of Fedhas.
  4668 | D:4      | Learned a level 1 spell: Foxfire
  4706 | D:4      | Found a staircase to the Ecumenical Temple.
  4853 | D:4      | Found a radiant altar of Vehumet.
  4853 | D:4      | Found a faded altar of an unknown god.
  4861 | D:4      | Found a basalt altar of Yredelemnul.
  4863 | D:4      | Found a blossoming altar of Fedhas.
  4865 | D:4      | Found a bloodstained altar of Trog.
  4944 | D:4      | Killed Ijyb
  6174 | D:6      | Noticed a sky beast
  6221 | D:6      | Your scales start taking on a golden yellow colour.
  6221 | D:6      | Reached XP level 7. HP: 50/50 MP: 4/12
  6221 | D:6      | Gained mutation: You are resistant to acid. (rCorr) [Yellow
                  | Draconian growth]
  6381 | D:6      | Found a white marble altar of Elyvilon.
  6881 | D:7      | Slain by a wight

Illustrated notes

Levels and vault maps discovered:
D:1:      heliophobic_arrival_enchanted_forest, layout_loops_ring,
          shapermc_ecumenical_altar_petra
D:2:      layout_basic, basic_altar, nicolae_eternal_life, minmay_pentomino_x2,
          uniq_natasha
D:3:      layout_basic, lemuel_coloured_pillars_altar, nicolae_ru_awakened_eye,
          gammafunk_ghost_necromancy, serial_shops, nicolae_shop_tiny_glass,
          minmay_checkerbox
D:4:      layout_basic, chequers_temple_overflow_minitemple,
          minmay_temple_entry_wispy, uniq_ijyb
D:5:      layout_loops_cross
D:6:      black_bear_nest_1, layout_loops_ring, led_sif_pool, elyvilon_altar_3
D:7:      layout_loops_ring, grunt_temple_overflow_gold_and_silver,
          gammafunk_ghost_cemetery, mrwooster_statue_mirror

Skill      XL: |  1  2  3  4  5  6  7 |
---------------+----------------------+-----
Dodging        | 2 |  2.5
Spellcasting   | 3 4 |  4.4
Poison Magic   | 4 5 |  5.5
Transmutations | 2 |  2.0
Air Magic      | 1 2 3 |  3.1
Conjurations   | 1 2 3 |  3.0
Fighting       | |  0.6
Axes           | |  0.9
Maces & Flails | |  0.6
Stealth        | |  1.7
Unarmed Combat | |  0.5
Summonings     | |  0.9
Fire Magic     | |  0.2

Action                     |  1- 3 |  4- 6 |  7- 9 || total
---------------------------+-------+-------+-------++-------
  Melee: Unarmed           |     8 |       |       ||     8
         Whip              |    18 |    60 |       ||    78
         Tailslap          |     2 |    10 |     8 ||    20
         Long sword        |       |     6 |       ||     6
         Hand axe          |       |     1 |    30 ||    31
   Cast: Sting             |    45 |    48 |     3 ||    96
         Poisonous Vapours |    27 |   137 |    12 ||   176
         Foxfire           |       |     6 |    22 ||    28
         Mephitic Cloud    |       |     2 |     2 ||     4
   Stab: Sleeping          |       |     3 |       ||     3
 Armour: Skin              |    15 |    27 |     5 ||    47
  Dodge: Dodged            |    23 |    88 |    49 ||   160
